 Dungeon Crawl Stone Soup version 0.18-a0-1413-g4eaa9ac (webtiles) character file.

50 M4edhros the Ducker (level 3, -11/23 HPs)
             Began as an Octopode Artificer on Feb 25, 2016.
             Killed by nerve-wracking pain
             ... invoked by Jessica
              (14 damage)
             ... on level 2 of the Dungeon.
             The game lasted 00:01:01 (1072 turns).

M4edhros the Ducker (Octopode Artificer)            Turns: 1072, Time: 00:01:01

Health: -11/23     AC:  1    Str: 10    XL:     3   Next: 79%
Magic:  5/5        EV: 13    Int: 15    God:
Gold:   56         SH:  0    Dex: 12    Spells: 0 memorised, 2 levels left

rFire  . . .     SeeInvis .     (no weapon)
rCold  . . .     Gourm    .     (no shield)
rNeg   . . .     Faith    .     (helmet restricted)
rPois  .         Spirit   .     (no amulet)
rElec  .         Dismiss  .     a - ring of loudness (curse)
rCorr  .         Reflect  .     (no ring)
SustAt .         Harm     .     (no ring)
MR     .....                    (no ring)
Stlth  ++........               (no ring)
                                (no ring)
                                (no ring)
                                (no ring)

@: not resistant to hostile enchantments, unstealthy
A: almost no armour, amphibious, 8 rings, constrict 8, camouflage 1, gelatinous
body 1
a: no special abilities


You were on level 2 of the Dungeon.
You were hungry.

You visited 1 branch of the dungeon, and saw 2 of its levels.

You collected 56 gold pieces.

Inventory:

Jewellery
 a - a cursed ring of loudness (left tentacle)
Wands
 b - a wand of flame (13/48)
 c - a wand of enslavement (15/24)
 d - a wand of random effects (15/48)
Scrolls
 e - a scroll of identify {unknown}
 g - a scroll of amnesia {unknown}
 k - a scroll of magic mapping {unknown}
 m - a scroll of fear {unknown}
Potions
 j - a potion of agility {unknown}
 l - a potion of might {unknown}
 o - a potion of degeneration {unknown}
Comestibles
 f - 4 bread rations
 h - a meat ration
 i - a beef jerky
 n - a slice of pizza


   Skills:
 - Level 1.0 Fighting
   Level 1.0 Short Blades
 + Level 4.0 Dodging
 - Level 1.3 Stealth
 - Level 3.2 Evocations


You had 2 spell levels left.
You didn't know any spells.

Dungeon Overview and Level Annotations

Branches:
Dungeon (2/15)

Altars:

Annotations:
D:2 Jessica


Innate Abilities, Weirdness & Mutations

You cannot wear most types of armour.
You are amphibious.
You can wear up to eight rings at the same time.
You can use your tentacles to constrict eight enemies at once.
Your skin changes colour to match your surroundings (Stealth).
Your rubbery body absorbs attacks (AC +1).


Message History

Jessica is lightly wounded.
You constrict Jessica.
Jessica points at you and mumbles some strange words.
Pain shoots through your body!
You tentacle-slap Jessica but do no damage.
Jessica is moderately wounded.
You constrict Jessica. Jessica misses you.
You tentacle-slap Jessica but do no damage.
Jessica is moderately wounded.
You constrict Jessica. Jessica hits you with a dagger.
* * * LOW HITPOINT WARNING * * *
Drink which item? (? for menu, Esc to quit)
Okay, then.
You tentacle-slap Jessica. You squeeze Jessica, but do no damage.
Jessica is severely wounded.
You constrict Jessica. Jessica gestures at you while chanting.
Pain shoots through your body!
Ouch! That really hurt!
You die...

#.. #.#..####
#.#..... #.#.#..
#.....###
#....>.. #.....#
# #.....#####.#
#........@@.#
#....######......
.#######....#
.....
............#
....
########....# ...
#.#### .. #.# .
#.# #.#


You could see Jessica.

Vanquished Creatures
  2 adders (D:2)
  A dart slug (D:1)
  A giant gecko (D:1)
  A giant cockroach (D:1)
  4 hobgoblins (D:1)
  3 jackals (D:1)
  2 ball pythons (D:1)
  5 bats (D:1)
  A giant newt (D:1)
  A goblin (D:1)
  5 kobolds (D:1)
  6 rats (D:1)
32 creatures vanquished.

Notes
Turn   | Place    | Note
--------------------------------------------------------------
     0 | D:1      | M4edhros the Octopode Artificer began the quest for the Orb.
     0 | D:1      | Reached XP level 1. HP: 13/13 MP: 3/3
   151 | D:1      | Reached XP level 2. HP: 6/18 MP: 4/4
   336 | D:1      | Reached skill level 3 in Dodging
   728 | D:1      | Reached XP level 3. HP: 23/23 MP: 5/5
   976 | D:2      | Reached skill level 4 in Dodging
  1000 | D:2      | Noticed Jessica
  1072 | D:2      | Killed from afar by Jessica

Vault maps used:
D:1:      sevenhm_arrival_forest_fort_large_2
D:2:      fedhas_altar_1, first_bread, ecumenical_altar_1, uniq_jessica,
          uniq_sigmund

Skill      XL: |  1  2  3 |
---------------+----------+-----
Dodging        | 3 4 |  4.0
Fighting       | |  1.0
Short Blades   | |  1.0
Stealth        | |  1.3
Evocations     | |  3.2

Action                   || total
-------------------------++-------
Melee: Unarmed           ||    78
Evoke: Wand              ||     2
 Stab: Sleeping          ||     1
